 Dungeon Crawl Stone Soup version 0.28.0-43-g3370ac3207 (webtiles) character file.

Game seed: 7672390242388073338

2083 smarlow the Thaumaturge (level 9, -5/55 HPs)
             Began as a Djinni Conjurer on Mar 4, 2022.
             Was a Priest of Ashenzari.
             Slain by an orc warrior
             ... wielding a +0 halberd
              (12 damage)
             ... on level 7 of the Dungeon.
             The game lasted 00:12:34 (9038 turns).

smarlow the Thaumaturge (Djinni Conjurer)           Turns: 9038, Time: 00:12:35

Health: -5/55      AC:  5    Str:  6    XL:     9   Next: 51%
Gold:   234        EV: 12    Int: 24    God:    Ashenzari [***...] SH: 11 Dex: 12

rFire   + + +      SeeInvis +   (no weapon)
rCold   x . .      Faith    .   u - +0 kite shield
rNeg    . . .      Spirit   .   a - +0 robe
rPois   ∞          Reflect  .   b - +2 hat "Cursed Altruism" {Fort, Cun} (curse)
rElec   .          Harm     .   (no cloak)
rCorr   .          Rampage  .   s - +0 pair of gloves of the Ruined Ordeal {Fort, Cun} (curse)
Will    .....      Clarity  +   (boots unavailable)
Stlth   ++........              A - amulet of the Lashed Suspicion {Acrobat, Fort, Self} (curse)
HPRegen 0.18/turn               i - ring "Oblivion of Ashenzari" {rF+, Fort, Melee} (curse)
MPRegen 0.00/turn               (no ring)

@: flying
A: sickness immunity, fire resistance 2, cold vulnerability 1, float, innate
caster, HP casting, extra vitality 1
a: Renounce Religion, Shatter the Chains


You were on level 7 of the Dungeon.
You worshipped Ashenzari.
Ashenzari was most pleased with you.
You visited 1 branch of the dungeon, and saw 7 of its levels.

You collected 234 gold pieces.

Inventory:

Missiles
 e - a throwing net
 g - 115 stones
Armour
 a - a +0 robe (worn)
 b - the cursed +2 hat "Cursed Altruism" (worn) {Fort, Cun}
   (You found it on level 1 of the Dungeon)

   It has a curse which improves the following skills: Fortitude: Armour and
   Shields.
   Cunning:   Dodging and Stealth.
 s - the cursed +0 pair of gloves of the Ruined Ordeal (worn) {Fort, Cun}
   (You found it on level 4 of the Dungeon)

   It has a curse which improves the following skills: Fortitude: Armour and
   Shields.
   Cunning:   Dodging and Stealth.
 u - a +0 kite shield (worn)
 y - a +4 scale mail
Jewellery
 i - the cursed ring "Oblivion of Ashenzari" (left hand) {rF+, Fort, Melee}
   (You found it on level 2 of the Dungeon)

   [ring of protection from fire]

   rF:        It protects you from fire.
   It has a curse which improves the following skills: Fortitude: Armour and
   Shields.
   Melee Combat: Short Blades, Long Blades, Axes, Maces & Flails, Polearms,
   Staves and Unarmed Combat.
 k - a +6 ring of strength
 v - a ring of wizardry
 A - the cursed amulet of the Lashed Suspicion (around neck) {Acrobat, Fort, Self}
   (You found it on level 5 of the Dungeon)

   [amulet of the acrobat]

   It increases your evasion while moving and waiting.
   It has a curse which improves the following skills: Fortitude: Armour and
   Shields.
   Introspection: Fighting and Spellcasting.
Wands
 r - a wand of flame (48)
 x - a wand of iceblast (4)
 C - a wand of acid (9)
Scrolls
 c - 2 scrolls of holy word
 h - 2 scrolls of immolation
 l - 3 scrolls of teleportation
 n - a scroll of silence
 p - a scroll of magic mapping
 q - 4 scrolls of blinking
 t - a scroll of torment
 w - 2 scrolls of fog
 D - a scroll of enchant armour
Potions
 d - a potion of brilliance
 f - 2 potions of curing
 j - a potion of haste
 m - 2 potions of lignification
 o - 2 potions of heal wounds
 z - a potion of ambrosia
 B - a potion of berserk rage


   Skills:
 + Level 1.6(4.2) Armour
 - Level 2.1(4.0) Dodging
 - Level 1.5(3.2) Stealth
 + Level 6.9(10.8) Shields
 + Level 8.0(9.7) Spellcasting


You had 4 spell levels left.
You knew the following spells:

 Your Spells              Type           Power      Damage    Failure   Level
a - Magic Dart            Conj           100%       1d8       1%          1
b - Searing Ray           Conj           100%       2d8       1%          2
c - Dazzling Flash        Conj/Hex       100%       N/A       1%          3
d - Fulminant Prism       Conj/Hex       27%        3d14      2%          4
e - Iskenderun's Mystic   Conj/Tloc      55%        2d12      2%          4
f - Sandblast             Erth           100%       2d20      1%          1
g - Call Imp              Summ           55%        N/A       1%          2
h - Summon Guardian Gole  Hex/Summ       55%        N/A       1%          3
i - Mephitic Cloud        Conj/Pois/Air  55%        N/A       1%          3
Your spell library was empty.

Dungeon Overview and Level Annotations

Branches:
Dungeon (7/15)             Temple (0/1) D:6

Altars:
Ashenzari
Hepliaklqana
Kikubaaqudgha
Nemelex Xobeh
Wu Jian
Xom

Shops:
D:2 :

Annotations:
D:4 Menkaure


Innate Abilities, Weirdness & Mutations

You are immune to sickness and miasma.
You are immune to poison.
Your flesh is very heat resistant. (rF++)
You are vulnerable to cold. (rC-)
You float through the air rather than walking.
You learn spells naturally, not from books.
Your magical power is your life essence.
You have superior vitality. (+4 MHP)


Message History

The centaur skeleton is severely damaged.
The centaur skeleton barely misses you. x2
Casting: Magic Dart (safe; 1% risk of failure)
Confirm with . or Enter, or press ? or * to list all spells.
You erupt in a blast of force!
The mystic blast hits the centaur skeleton!!
You destroy the centaur skeleton!
You hear a shout!
You can't see any susceptible monsters within range! (Use Z to cast anyway.)
Your magical contamination has completely faded away.
You sense a monster nearby.
You can't see any susceptible monsters within range! (Use Z to cast anyway.)
An orc warrior and an orc wizard come into view.
The orc wizard is wielding a +2 dagger of venom.
The magic dart hits the orc warrior but does no damage.
The magic dart hits the orc warrior.
The orc warrior is lightly wounded.
You block the orc warrior's attack.
The magic dart hits the orc warrior but does no damage.
The orc warrior is lightly wounded.
You block the orc warrior's attack.
The magic dart hits the orc warrior but does no damage.
The orc warrior is lightly wounded.
An orc comes into view. It is wielding a +0 mace.
The orc warrior hits you from afar with a +0 halberd!
Casting: Magic Dart (safe; 1% risk of failure)
Confirm with . or Enter, or press ? or * to list all spells.
Aiming: Fulminant Prism (dangerous; 2% risk of failure)
Press: ? - help, Dir - move target, p - orc warrior You conjure a prism of explosive energy!
The orc shouts!
A fulminant prism comes into view.
The orc warrior hits you from afar with a +0 halberd!
* * * LOW HITPOINT WARNING * * *
You hear a loud crackle.
You hear an explosion!
You feel a bit more experienced. x2
There is a stone staircase leading up here.
The orc warrior hits you from afar with a +0 halberd!
You die...

, *, , , , ,, ,,... ....... , ,
,...#####....... ######
#............. .....#
#..........).. .....#
#............. , .....#
#............. , ,
...########............. *
##'#............@....... ,
...#....................
...#............o....... ,,,
...'.............######' , ,
...#.............'o ,, ,
##'#.............#*o. ,
.........##'######..... , #
.........#.......# ...., ########
.........#.......#,,....##......#


You could see an orc warrior.

Vanquished Creatures
  Maggie (D:6)
  Sigmund (D:2)
  3 ice beasts
  A black bear (D:3)
  3 ogres
  A centaur (D:5)
  A phantom (D:5)
  A wyvern zombie (D:5)
  A bullfrog (D:7)
  A scorpion (D:5)
  A water moccasin skeleton (D:6)
  A centaur zombie (D:5)
  A bullfrog zombie (D:3)
  A bullfrog skeleton (D:5)
  3 hounds
  4 centaur skeletons
  4 iguanas
  An orc wizard (D:7)
  A killer bee zombie (D:6)
  A hound zombie (D:5)
  A hound skeleton (D:4)
  4 gnolls (D:5)
  4 adders
  A howler monkey skeleton (D:5)
  A white imp (D:6)
  2 ufetubi (D:5)
  An adder skeleton (D:3)
  3 worms (D:2)
  2 dart slugs
  3 orcs
  12 ball pythons
  2 bats
  8 endoplasms
  2 giant cockroaches
  5 hobgoblins
  2 kobolds
  4 quokkas
  4 frilled lizards
  6 goblins
  4 rats
  A spectral hobgoblin (D:6)
104 creatures vanquished.

Vanquished Creatures (others)
  A fulminant prism (D:7)
1 creature vanquished.

Grand Total: 105 creatures vanquished

Notes
Turn   | Place    | Note
-------+----------+-------------------------------------------
     0 | D:1      | smarlow the Djinni Conjurer began the quest for the Orb.
     0 | D:1      | Reached XP level 1. HP: 15/15 MP: 0/0
     2 | D:1      | Found a faded altar of an unknown god.
   334 | D:1      | Reached XP level 2. HP: 20/21 MP: 0/0
  1064 | D:2      | Reached XP level 3. HP: 24/25 MP: 0/0
  1064 | D:2      | Learned a level 1 spell: Sandblast
  1141 | D:2      | Found Wuunafum's Book Boutique.
  1258 | D:2      | Noticed Sigmund
  1362 | D:3      | Reached skill level 4 in Spellcasting
  1679 | D:3      | Reached XP level 4. HP: 22/31 MP: 0/0
  1900 | D:3      | Reached XP level 5. HP: 25/35 MP: 0/0
  1900 | D:3      | Learned a level 2 spell: Call Imp
  2160 | D:3      | Noticed a black bear
  2174 | D:3      | Killed a black bear
  2175 | D:3      | Reached skill level 5 in Spellcasting
  2175 | D:3      | Reached XP level 6. HP: 32/40 MP: 0/0
  2387 | D:3      | Found a broken altar of Ashenzari.
  2418 | D:3      | Became a worshipper of Ashenzari the Shackled
  2492 | D:4      | Identified the +0 pair of boots "Toofoqid" {rCorr Int+4
                  | Dex+4}
  3286 | D:4      | Found a sparkling altar of Nemelex Xobeh.
  3329 | D:4      | Noticed Menkaure
  3423 | D:2      | Killed Sigmund
  3424 | D:2      | Reached skill level 6 in Spellcasting
  3424 | D:2      | Reached XP level 7. HP: 38/45 MP: 0/0
  3424 | D:2      | Learned a level 3 spell: Summon Guardian Golem
  4328 | D:4      | Reached * piety under Ashenzari
  4942 | D:5      | Entered Level 5 of the Dungeon
  5223 | D:5      | Found a snail-covered altar of Cheibriados.
  5225 | D:5      | Found a white marble altar of Elyvilon.
  5235 | D:5      | Reached XP level 8. HP: 25/50 MP: 0/0
  5390 | D:5      | Found a blossoming altar of Fedhas.
  5390 | D:5      | Found a hazy altar of Hepliaklqana.
  5390 | D:5      | Found a shimmering altar of Xom.
  6590 | D:5      | Reached skill level 7 in Spellcasting
  6657 | D:5      | Reached skill level 5 in Shields
  7062 | D:6      | Noticed Maggie
  7075 | D:6      | Killed Maggie
  7076 | D:6      | Reached XP level 9. HP: 35/55 MP: 0/0
  7076 | D:6      | Learned a level 3 spell: Mephitic Cloud
  7532 | D:6      | Found a hazy altar of Hepliaklqana.
  7852 | D:6      | Reached ** piety under Ashenzari
  8580 | D:6      | Found a staircase to the Ecumenical Temple.
  8718 | D:6      | Found an ornate altar of the Wu Jian Council.
  8800 | D:7      | Reached skill level 1 in Armour
  8800 | D:7      | Reached skill level 8 in Spellcasting
  8871 | D:7      | Reached *** piety under Ashenzari
  9038 | D:7      | Slain by an orc warrior

Illustrated notes

Levels and vault maps discovered:
D:1:      giann_horns, layout_basic, ebering_ecumenical_altar_box,
          nicolae_concentric_dashed_squares_wild, minmay_tromino_i2
D:2:      layout_basic, serial_shops, shop, minmay_fractal_squares_5,
          uniq_sigmund
D:3:      layout_loops_ring, general_overflow_altar
D:4:      layout_rooms, nemelex_altar_shiori, minmay_bisected, uniq_menkaure
D:5:      layout_loops_ring, doesnt_xom_only_xom
D:6:      layout_basic, pdpol_wu_jian_five_deadly_venoms,
          nicolae_hepliaklqana_monster_ancestors,
          minmay_temple_entry_antechambers, serial_rivers,
          chequers_serial_rivers_small_b, chequers_serial_rivers_micro_b,
          chequers_serial_rivers_small_3, chequers_serial_rivers_large_a,
          chequers_serial_rivers_small_b, uniq_maggie
D:7:      layout_gridville, grunt_ministairs_1, grunt_decor_clamped,
          due_unseen_surprise

Skill      XL: |  1  2  3  4  5  6  7  8  9 |
---------------+----------------------------+-----
Spellcasting   | 4 5 6 7 8 |  8.0
Shields        | 2 3 5 6 |  6.9
Armour         | 1 |  1.6
Dodging        | |  2.1
Stealth        | |  1.5

Action                   |  1- 3 |  4- 6 |  7- 9 || total
-------------------------+-------+-------+-------++-------
 Cast: Magic Dart        |    57 |    68 |   153 ||   278
       Iskenderun's Myst |       |     7 |    31 ||    38
       Searing Ray       |       |     3 |    12 ||    15
       Fulminant Prism   |       |       |     1 ||     1
Invok: Curse Item        |       |       |     4 ||     4
  Use: Potion            |       |     2 |       ||     2
Armor: Robe              |     4 |     3 |     6 ||    13
Dodge: Dodged            |     6 |     3 |    32 ||    41
Block: Kite shield       |       |     1 |    18 ||    19
